Map: Simulacrum LE

Players

OldGreg - Winner!

  • Race: Protoss Protoss
  • League: Diamond
  • Spawn Location: 11:00

Peaches

  • Race: Protoss Protoss
  • League: Diamond
  • Spawn Location: 5:00

VOD

Have the link to the VOD?

Description

Time

  • Played on: Jan. 25, 2020, 4:32 p.m.
  • Length: 15:29
Show
View Real Time Build Order
Export as new Build Order

OldGreg Protoss - Winner!

Build Orders: Cannon Rush 

Get SALT Encoding   

  12  0:01  Probe  
  13  0:13  Probe  
  14  0:25  Probe  
  15  0:28  Pylon  
  15  0:46  Forge, Probe  
  16  0:58  Probe  
  17  1:10  Probe  
  18  1:15  Pylon  
  18  1:19  Pylon  
  18  1:20  Pylon  
  18  1:34  Photon Cannon, Pylon  
  17  1:46  Photon Cannon  
  17  1:51  Pylon  
  17  1:59  Photon Cannon  
  17  2:09  Probe  
  18  2:18  Photon Cannon  
  18  2:23  Photon Cannon  
  18  2:25  Photon Cannon  
  18  2:39  Probe  
  18  2:40  Assimilator  
  18  2:41  Assimilator  
  18  2:48  Gateway  
  18  2:55  Probe (Chrono Boost)  
  19  3:05  Probe (Chrono Boost), Pylon  
  20  3:18  Probe (Chrono Boost)  
  22  3:27  Probe (Chrono Boost)  
  22  3:32  Probe (Chrono Boost)  
  23  3:37  Cybernetics Core  
  23  4:02  Pylon  
  23  4:11  Photon Cannon  
  23  4:12  Warp Gate (Chrono Boost)  
  23  4:15  Pylon  
  23  4:21  Gateway  
  23  4:23  Gateway  
  23  4:25  Gateway  
  23  4:34  Shield Battery  
  23  5:09  Photon Cannon  
  23  5:11  Stalker x2  
  23  5:12  Stalker  
  29  5:36  Pylon  
  29  5:38  Shield Battery  
  29  5:49  Stalker  
  31  5:50  Stalker x2  
  31  5:51  Stalker  
  37  6:01  Shield Battery  
  37  6:13  Stalker x2  
  37  6:16  Sentry  
  43  6:25  Zealot  
  44  6:40  Zealot  
  46  6:57  Zealot  
  46  7:02  Pylon  
  46  7:05  Pylon  
  46  7:06  Zealot x2  
  46  7:20  Zealot  
  46  7:21  Stargate  
  48  7:35  Zealot  
  44  7:39  Zealot  
  46  7:51  Zealot  
  46  8:02  Zealot x2  
  42  8:09  Zealot  
  34  8:20  Zealot  
  32  8:28  Stalker  
  32  8:38  Stalker  
  36  9:02  Sentry  
  38  9:04  Sentry  
  38  9:06  Oracle (Chrono Boost)  
  38  9:07  Sentry x2  
  43  9:28  Sentry x2  
  41  9:36  Stalker  
  43  9:42  Zealot  
  45  9:52  Sentry x2  
  47  10:04  Void Ray  
  47  10:06  Sentry  
  47  10:27  Zealot x2  
  47  10:57  Void Ray (Chrono Boost)  
  45  11:34  Void Ray (Chrono Boost)  
  33  12:54  Pylon  
  33  12:58  Void Ray  
  33  13:11  Pylon  
  33  13:25  Nexus  
  33  13:54  Probe  
  34  13:56  Void Ray  
  38  14:39  Void Ray  
Show
View Real Time Build Order
Export as new Build Order

Peaches Protoss 

Build Orders:  

Get SALT Encoding   

  12  0:00  Probe (Chrono Boost)  
  13  0:10  Probe (Chrono Boost)  
  14  0:17  Pylon  
  14  0:22  Probe  
  15  0:35  Probe  
  16  0:41  Gateway  
  16  0:48  Probe  
  16  0:49  Assimilator  
  17  1:00  Probe  
  17  1:04  Forge  
  18  1:13  Probe  
  18  1:16  Assimilator  
  18  1:37  Photon Cannon  
  18  1:38  Photon Cannon  
  20  1:47  Zealot  
  20  1:56  Pylon  
  18  2:26  Zealot (Chrono Boost)  
  20  2:40  Probe  
  21  2:45  Zealot  
  21  2:51  Cybernetics Core  
  23  2:56  Protoss Ground Weapons Level 1  
  23  3:06  Probe  
  24  3:26  Stalker (Chrono Boost)  
  24  3:27  Warp Gate  
  26  3:35  Probe  
  27  3:44  Nexus  
  27  3:58  Stalker (Chrono Boost)  
  29  4:06  Robotics Facility  
  29  4:08  Probe  
  30  4:28  Pylon  
  30  4:37  Gateway  
  30  4:46  Stalker  
  30  4:47  Probe  
  30  4:52  Shield Battery  
  33  4:58  Observer (Chrono Boost)  
  34  5:01  Probe  
  34  5:02  Probe  
  36  5:07  Protoss Ground Armor Level 1  
  36  5:13  Probe  
  36  5:14  Probe  
  38  5:26  Probe x2  
  40  5:32  Immortal (Chrono Boost)  
  44  5:38  Probe x2  
  46  5:43  Pylon  
  46  5:50  Probe x2  
  46  5:55  Shield Battery  
  48  6:02  Probe  
  49  6:05  Observer  
  45  6:12  Sentry x2  
  43  6:25  Immortal (Chrono Boost)  
  47  6:34  Pylon  
  41  7:00  Zealot  
  41  7:01  Zealot  
  39  7:08  Probe (Chrono Boost)  
  39  7:13  Probe (Chrono Boost)  
  39  7:14  Immortal (Chrono Boost)  
  39  7:22  Stalker, Probe (Chrono Boost)  
  46  7:24  Zealot  
  44  7:43  Shield Battery  
  44  7:46  Probe x2  
  44  7:48  Shield Battery  
  38  8:13  Stalker x2  
  42  8:29  Probe x2  
  40  8:42  Stalker x2  
  40  8:44  Immortal (Chrono Boost)  
  48  8:49  Probe x2  
  48  9:03  Probe x2  
  48  9:06  Zealot  
  48  9:07  Zealot  
  54  9:15  Probe  
  46  9:42  Stalker x2  
  46  9:43  Immortal (Chrono Boost)  
  50  9:51  Twilight Council  
  52  9:58  Shield Battery  
  50  10:01  Probe x2  
  50  10:02  Shield Battery  
  50  10:03  Pylon  
  52  10:13  Probe  
  51  10:14  Stalker x2  
  48  10:38  Stalker x2  
  48  11:15  Probe x2  
  50  11:26  Nexus  
  50  11:28  Assimilator x2  
  50  11:32  Stalker  
  46  11:42  Zealot  
  46  11:45  Probe (Chrono Boost), Warp Prism (Chrono Boost)  
  50  11:51  Probe (Chrono Boost)  
  50  11:53  Pylon  
  52  11:56  Probe (Chrono Boost)  
  52  11:59  Probe (Chrono Boost)  
  54  12:03  Probe  
  55  12:09  Probe  
  48  12:49  Stalker x2  
  48  12:51  Probe x2 (Chrono Boost)  
  45  12:55  Probe (Chrono Boost)  
  47  13:03  Probe (Chrono Boost)  
  49  13:09  Probe (Chrono Boost)  
  49  13:11  Probe (Chrono Boost)  
  49  13:12  Probe (Chrono Boost)  
  51  13:19  Gateway  
  51  13:27  Stalker  
  51  13:28  Stalker, Gateway  
  49  13:48  Probe x3  
  44  14:00  Probe  
  40  14:11  Photon Cannon  
  40  14:14  Photon Cannon  
  40  14:17  Photon Cannon, Gateway  
  40  14:18  Probe  
  40  14:19  Pylon  
Tags
 
Matchup
PvP
Spawn Locations
Cross Positions
Add a new tag
Caveats
  • Supply blocks, unpowered buildings, or Contaminate may cause inaccurate times.
  • Supply counts are checked every 10 seconds.